 Dungeon Crawl Stone Soup version 0.29-a0-613-gf2c431b9b9 (webtiles) character file.

Game seed: 5317756229346627179

1362 kyalle the Skirmisher (level 8, 0/65 HPs)
             Began as a Demonspawn Fighter on June 16, 2022.
             Was an Initiate of Yredelemnul.
             Succumbed to a killer bee's poison
             ... on level 5 of the Dungeon.
             The game lasted 00:17:10 (7308 turns).

kyalle the Skirmisher (Demonspawn Fighter)          Turns: 7308, Time: 00:17:10

Health: 0/65       AC: 10    Str: 20    XL:     8   Next: 37%
Magic:  8/8        EV: 10    Int:  9    God:    Yredelemnul [......]
Gold:   361        SH: 12    Dex: 18    Spells: 7/7 levels left

rFire   + . .      SeeInvis .   p - +1 short sword (vamp)
rCold   . . .      Faith    .   c - +0 buckler
rNeg    + . .      Spirit   .   f - +1 ring mail {rF+}
rPois   .          Reflect  .   w - +2 hat
rElec   .          Harm     .   (no cloak)
rCorr   .          Rampage  .   y - +0 pair of gloves
Will    .....                   (no boots)
Stlth   +.........              (no amulet)
HPRegen 0.20/turn               v - ring of positive energy
MPRegen 0.11/turn               z - +6 ring of dexterity

@: lethally poisoned (0 -> -7)
A: large bone plates 2, powered by pain 2
a: Renounce Religion, Recall Undead Harvest


You were on level 5 of the Dungeon.
You worshipped Yredelemnul.
Yredelemnul was noncommittal.
You visited 1 branch of the dungeon, and saw 6 of its levels.

You collected 361 gold pieces.

Inventory:

Hand Weapons
 a - a +0 long sword
 p - a +1 vampiric short sword (weapon)
Missiles
 q - 6 poisoned darts (quivered)
 G - a throwing net
Armour
 b - a +0 scale mail
 c - a +0 buckler (worn)
 f - a +1 ring mail of fire resistance (worn)
 w - a +2 hat (worn)
 y - a +0 pair of gloves (worn)
Jewellery
 v - a ring of positive energy (left hand)
 z - a +6 ring of dexterity (right hand)
 B - a ring of protection from cold
 F - an amulet of regeneration
Wands
 r - a wand of mindburst (6)
 A - a wand of iceblast (9)
Scrolls
 i - 4 scrolls of identify
 o - a scroll of enchant weapon {unknown}
 s - a scroll of torment {unknown}
 t - a scroll of summoning {unknown}
 u - a scroll of fear {unknown}
 x - a scroll of teleportation {unknown}
 C - a scroll of fog {unknown}
 E - a scroll of magic mapping {unknown}
 H - a scroll of poison {unknown}
Potions
 d - 2 potions of might
 e - 6 potions of curing {unknown}
 g - 2 potions of haste {unknown}
 h - a potion of attraction
 j - 3 potions of heal wounds {unknown}
 k - 2 potions of mutation {unknown}
 l - a potion of brilliance {unknown}
 m - a potion of invisibility {unknown}
 n - a potion of lignification {unknown}
 D - a potion of ambrosia {unknown}


   Skills:
 * Level 6.7 Fighting
 * Level 4.5(5.0) Short Blades
 - Level 2.9(4.1) Long Blades
 + Level 4.6 Armour
 + Level 4.7 Shields


You had 7 spell levels left.
You didn't know any spells.
Your spell library contained the following spells:

 Spells                   Type           Power      Damage    Failure   Level
 Necrotize                Necr           0%         1d4       65%         1
 Sandblast                Erth           0%         2d4       65%         1
 Shock                    Conj/Air       0%         1d3       65%         1
 Passwall                 Tmut/Erth      0%         N/A       78%         2
 Frozen Ramparts          Ice            0%         1d2       95%         3
 Stone Arrow              Conj/Erth      0%         3d7       95%         3
 Swiftness                Air            0%         N/A       95%         3
 Vampiric Draining        Necr           0%         2d6       95%         3
 Airstrike                Air            0%         N/A       100%        4
 Ice Form                 Ice/Tmut       0%         N/A       100%        4
 Summon Ice Beast         Ice/Summ       0%         N/A       100%        4
 Agony                    Necr           0%         N/A       100%        5


Dungeon Overview and Level Annotations

Branches:
Dungeon (6/15)             Temple (0/1) D:4

Altars:
Sif Muna
Trog
Yredelemnul

Shops:
D:6 *


Innate Abilities, Weirdness & Mutations

You are mostly covered in large bone plates. (SH +6)
You sometimes gain power by taking damage.


Message History

There is an open door here.
The killer bee attacks as you move away!
You block the killer bee's attack.
The killer bee stings you but does no damage.
The howler monkey hoots and howls with incredible vigour!
You hear a shout!
You hear an angry hiss.
The killer bee stings you but does no damage.
The killer bee stings you.
* * * LOW HITPOINT WARNING * * *
You are poisoned.
The killer bee poisons you!
You feel sick. You block the killer bee's attack.
The killer bee attacks as you move away!
The killer bee closely misses you.
You feel sick. You block the killer bee's attack.
The killer bee barely misses you.
There is an escape hatch in the ceiling here.
You feel sick. You block the killer bee's attack.
The killer bee closely misses you. The killer bee barely misses you.
The killer bee stings you but does no damage.
The killer bee stings you.
* * * LOW HITPOINT WARNING * * *
You are lethally poisoned!
The killer bee poisons you!
The killer bee stings you but does no damage.
You block the killer bee's attack. A mysterious force pulls you upwards.
The hatch slams shut behind you.
* * * LOW HITPOINT WARNING * * *
You feel sick.
You hit the killer bee but do no damage.
* * * LOW HITPOINT WARNING * * *
You feel very sick. You block the killer bee's attack. x3
You barely miss the killer bee.
* * * LOW HITPOINT WARNING * * *
You feel sick. You block the killer bee's attack.
The killer bee closely misses you. The killer bee barely misses you.
You block the killer bee's attack.
You miss the killer bee.
You die...
Your body rises from the dead as a mindless zombie. ######### #.ZZZ.ZZ#

#.#####.# #...# #.#
###.###'### #Z......#
######.......#
#.yy@y.......#
#.####.).....########
#Z# #..........ZZZZZ
#.# #.######....####
#.####.######.Z..#
#............Z####
#..........####
#..(.......# ##
#..........# #.


You could see 3 killer bees.

Vanquished Creatures
  A water moccasin (D:6)
  An ice beast (D:5)
  An orc warrior (D:5)
  A sky beast (D:6)
  A centaur (D:5)
  An ogre (D:5)
  2 scorpions
  The ghost of Heh the Skirmisher, a weakling OpMo (D:3)
  A gnoll shaman (D:6)
  3 hounds
  2 iguanas
  Terence (D:2)
  8 gnolls
  6 adders
  A white imp (D:5)
  3 worms
  5 dart slugs
  4 orcs
  11 endoplasms
  3 giant cockroaches
  3 hobgoblins
  5 jackals (D:4)
  6 kobolds
  2 quokkas (D:2)
  7 ball pythons
  3 bats
  8 frilled lizards
  10 goblins
  5 rats
106 creatures vanquished.

Vanquished Creatures (collateral kills)
  An ogre (D:5)
  A necrophage (D:4)
  A hound (D:4)
  A gnoll (D:5)
  A worm (D:4)
  6 orcs
  An endoplasm (D:4)
  A hobgoblin (D:4)
  2 jackals (D:4)
  A kobold (D:4)
  A quokka (D:4)
  2 ball pythons (D:4)
19 creatures vanquished.

Vanquished Creatures (others)
  A water moccasin zombie (D:6)
  A sky beast zombie (D:6)
  2 hound zombies
  2 orc zombies
  A worm zombie (D:4)
  An adder zombie (D:6)
  5 gnoll zombies
  An endoplasm zombie (D:4)
  A giant cockroach zombie (D:4)
  A kobold zombie (D:4)
  3 fungi (D:1)
  4 toadstools (D:1)
23 creatures vanquished.

Grand Total: 148 creatures vanquished

Notes
Turn   | Place    | Note
-------+----------+-------------------------------------------
     0 | D:1      | kyalle the Demonspawn Fighter began the quest for the Orb.
     0 | D:1      | Reached XP level 1. HP: 18/18 MP: 1/1
   158 | D:1      | Gained mutation: You sometimes gain a little power by
                  | taking damage. [demonic ancestry]
   158 | D:1      | Reached XP level 2. HP: 7/24 MP: 2/2
  1176 | D:2      | Gained mutation: You sometimes gain power by taking damage.
                  | [demonic ancestry]
  1176 | D:2      | Reached XP level 3. HP: 5/29 MP: 3/3
  2345 | D:3      | Gained mutation: You are partially covered in large bone
                  | plates. (SH +4) [demonic ancestry]
  2345 | D:3      | Reached XP level 4. HP: 26/37 MP: 4/4
  2435 | D:3      | Noticed Terence
  2469 | D:2      | Killed Terence
  2751 | D:3      | Reached skill level 4 in Fighting
  2893 | D:3      | Found a faded altar of an unknown god.
  3210 | D:3      | Found a runed translucent gate.
  3214 | D:3      | Found a runed translucent gate.
  3215 | D:3      | Found a runed translucent gate.
  3217 | D:3      | Noticed Heh's ghost (weakling OpMo)
  3264 | D:3      | Found a basalt altar of Yredelemnul.
  3278 | D:3      | Reached XP level 5. HP: 36/42 MP: 5/5
  3294 | D:3      | Killed Heh's ghost
  3295 | D:3      | Reached skill level 1 in Short Blades
  3349 | D:3      | Became a worshipper of Yredelemnul the Dark
  3648 | D:4      | Reached * piety under Yredelemnul
  3668 | D:4      | Reached ** piety under Yredelemnul
  3928 | D:4      | Found a shimmering blue altar of Sif Muna.
  4030 | D:4      | Reached XP level 6. HP: 9/50 MP: 6/6
  4470 | D:4      | Found a staircase to the Ecumenical Temple.
  4514 | D:4      | Reached skill level 5 in Fighting
  5008 | D:4      | Found a bloodstained altar of Trog.
  5275 | D:5      | Entered Level 5 of the Dungeon
  5317 | D:5      | Gained mutation: You are mostly covered in large bone
                  | plates. (SH +6) [demonic ancestry]
  5317 | D:5      | Reached XP level 7. HP: 42/56 MP: 7/7
  6027 | D:5      | Reached skill level 6 in Fighting
  6196 | D:5      | Reached XP level 8. HP: 64/64 MP: 8/8
  6990 | D:6      | Found Giyrcheafu's Lightly-Used Armoury.
  7268 | D:6      | Noticed a troll
  7307 | D:5      | HP: 2/65 [poisoned by a killer bee]
  7308 | D:5      | Succumbed to a killer bee's poison

Illustrated notes

Levels and vault maps discovered:
D:1:      mrwooster_arrival_statue_2, layout_loops_ring,
          minmay_gold_behind_fungi, minmay_heptomino_h4
D:2:      layout_loops_ring, minmay_crystal_room, minmay_lizard_pond
D:3:      layout_rooms, lemuel_tele_altar, gammafunk_ghost_split,
          hellmonk_ecumenical_altar_zigzags, uniq_terence
D:4:      layout_loops_corners, trog_book, led_sif_book,
          minmay_temple_entry_large_hall
D:5:      layout_basic, chequers_serial_rivers_micro_a
D:6:      cheibrodos_fzero, layout_gridville, minmay_shop_damaged, uniq_menkaure

Skill      XL: |  1  2  3  4  5  6  7  8 |
---------------+-------------------------+-----
Long Blades    | 2 |  2.9
Armour         | 3 4 |  4.6
Shields        | 3 4 |  4.7
Fighting       | 4 5 6 |  6.7
Short Blades   | 2 3 4 |  4.5

Action                   |  1- 3 |  4- 6 |  7- 9 || total
-------------------------+-------+-------+-------++-------
Melee: Long sword        |   167 |    44 |       ||   211
       Short sword       |       |   226 |   173 ||   399
  Use: Scroll            |       |     3 |       ||     3
       Potion            |       |     1 |       ||     1
 Stab: Distracted        |       |       |     3 ||     3
Armor: Scale mail        |     8 |       |       ||     8
       Ring mail         |    74 |    90 |    51 ||   215
Dodge: Dodged            |    90 |   111 |    78 ||   279
Block: Buckler           |    40 |   113 |   120 ||   273

Table legend: (Time is in decaauts)
 A = Elapsed time spent in this place.
 B = Non-inter-level travel time spent in this place.
 C = Inter-level travel time spent in this place.
 D = Time resting spent in this place.
 E = Time spent auto-exploring this place.
 F = Levels seen in this place.
 G = Mean time per level.
                   A        B        C        D        E       F      G
               +--------+--------+--------+--------+--------+-----+--------+
         Total |   7367 |   7082 |    285 |      0 |   5372 |   6 | 1227.8 |
       Dungeon |   7367 |   7082 |    285 |      0 |   5372 |   6 | 1227.8 |
               +--------+--------+--------+--------+--------+-----+--------+

Top non-repeatable levels by time:
     D:4: 1677 daAuts
     D:5: 1404 daAuts
     D:1: 1370 daAuts
     D:2: 1219 daAuts
     D:3: 1078 daAuts
     D:6: 616 daAuts
